| TOP OF THE 1ST |
|
Albuquerque Dukes batting - Pitching for Arkansas Travelers : RHP Vicente Jaurequi
|
|
Pitching: RHP Vicente Jaurequi
|
|
|
Batting: LHB Andres Romero
|
0-0: Foul Ball, location: 2F 0-1: Ball 1-1: Called Strike 1-2: Ball 2-2: Foul Ball, location: 2F 2-2: Foul Ball, location: 2F 2-2: Foul Ball, location: 2F 2-2: Ball 3-2: Ground out 4-3 (Groundball, 4, EV 76.9 MPH)
|
|
Batting: RHB Steven Patterson
|
0-0: Ground out 6-3 (Groundball, 6, EV 102.5 MPH)
|
|
Batting: LHB Darren Daulton
|
0-0: Called Strike 0-1: Ball 1-1: Foul Ball, location: 2F 1-2: SINGLE (Line Drive, 3D, EV 103.8 MPH)
|
|
Batting: LHB Dave Yobs
|
0-0: Ball 1-0: Ball 2-0: SINGLE (Groundball, 34D, EV 99.4 MPH) Darren Daulton to second Runner from 2nd tries for 3rd, SAFE, no throw by RF
|
|
Batting: RHB Jeffrey Ronk
|
0-0: Ball 1-0: Ball 2-0: Foul Ball, location: 2F 2-1: Called Strike 2-2: Ground out 1-3 (Groundball, 13S, EV 73.1 MPH)
|
| Top of the 1st over - 0 runs, 2 hits, 0 errors, 2 left on base; Albuquerque 0 - Arkansas 0 |
| BOTTOM OF THE 1ST |
|
Arkansas Travelers batting - Pitching for Albuquerque Dukes : RHP Peter Chapin
|
|
Pitching: RHP Peter Chapin
|
|
|
Batting: RHB Greg Gagne
|
0-0: Ball 1-0: Called Strike 1-1: Ground out 6-3 (Groundball, 6, EV 88.8 MPH)
|
|
Batting: RHB Kenneth Foster
|
0-0: Foul Ball, location: 2F 0-1: Ball 1-1: Ball 2-1: Ball 3-1: Base on Balls
|
|
Batting: LHB Phil Stephenson
|
0-0: Ball 1-0: Ball 2-0: Ball 3-0: Base on Balls Kenneth Foster to second
|
|
Batting: RHB Randy Milligan
|
0-0: Ground out 3-1 (Groundball, 34S, EV 73.1 MPH) Kenneth Foster to third Phil Stephenson to second
|
|
Batting: SHB Bobby Bonilla
|
0-0: Ball 1-0: Foul Ball, location: 2F 1-1: Ball 2-1: Ball 3-1: Base on Balls
|
|
Batting: LHB Terry Byrum
|
0-0: Foul Ball, location: 2F 0-1: Ball 1-1: Foul Ball, location: 2F 1-2: Ball 2-2: Fly out, F5 (Popup, 56S, EV 83.8 MPH)
|
| Bottom of the 1st over - 0 runs, 0 hits, 0 errors, 3 left on base; Albuquerque 0 - Arkansas 0 |
| TOP OF THE 2ND |
|
Albuquerque Dukes batting - Pitching for Arkansas Travelers : RHP Vicente Jaurequi
|
|
Batting: RHB George Foussianes
|
0-0: Ball 1-0: Foul Ball, location: 2F 1-1: Called Strike 1-2: Foul Ball, location: 2F 1-2: Ball 2-2: Ball 3-2: Strikes out swinging
|
|
Batting: LHB Matthew Henderson
|
0-0: Foul Ball, location: 2F 0-1: Foul Ball, location: 2F 0-2: Foul Ball, location: 2F 0-2: Foul Ball, location: 2F 0-2: Foul Ball, location: 2F 0-2: Ball 1-2: Strikes out swinging
|
|
Batting: RHB James Oros
|
0-0: Called Strike 0-1: Swinging Strike 0-2: Ball 1-2: Foul Ball, location: 2F 1-2: Ball 2-2: Strikes out swinging
|
| Top of the 2nd over - 0 runs, 0 hits, 0 errors, 0 left on base; Albuquerque 0 - Arkansas 0 |
| BOTTOM OF THE 2ND |
|
Arkansas Travelers batting - Pitching for Albuquerque Dukes : RHP Peter Chapin
|
|
Batting: LHB Jesus Marinez
|
0-0: Called Strike 0-1: Called Strike 0-2: DOUBLE (Line Drive, 89M, EV 106.3 MPH)
|
|
Batting: RHB Rex Hudler
|
0-0: Ball 1-0: Ball 2-0: Ball 3-0: Called Strike 3-1: Base on Balls
|
|
Batting: RHB Alex Duarte
|
0-0: Reached on error, E6 (Groundball, 56, EV 105.6 MPH) Jesus Marinez to third Rex Hudler to second
|
|
Batting: RHB Greg Gagne
|
0-0: Swinging Strike 0-1: SINGLE (Flyball, 3D, EV 93.8 MPH) Jesus Marinez scores Rex Hudler to third Alex Duarte to second
|
|
Batting: RHB Kenneth Foster
|
0-0: Swinging Strike 0-1: Ball 1-1: Ball 2-1: Foul Ball, location: 2F 2-2: Foul Ball, location: 2F 2-2: Ball 3-2: Base on Balls Rex Hudler scores Alex Duarte to third Greg Gagne to second
|
|
Batting: LHB Phil Stephenson
|
0-0: Called Strike 0-1: Ball 1-1: Foul Ball, location: 2F 1-2: Ball 2-2: Fielders Choice at 2nd, 4-6 (Groundball, 34D, EV 75.6 MPH) Alex Duarte scores Greg Gagne to third
|
|
Batting: RHB Randy Milligan
|
0-0: Foul Ball, location: 2F 0-1: Called Strike 0-2: Ball 1-2: Ball 2-2: Foul Ball, location: 2F 2-2: Ball Phil Stephenson is caught stealing 2nd base 2-4 3-2: Ground out 2-3 (Groundball, 2L, EV 71.9 MPH)
|
| Bottom of the 2nd over - 3 runs, 2 hits, 1 error, 1 left on base; Albuquerque 0 - Arkansas 3 |
| TOP OF THE 3RD |
|
Albuquerque Dukes batting - Pitching for Arkansas Travelers : RHP Vicente Jaurequi
|
|
Batting: RHB Kevin Harvey
|
0-0: Foul Ball, location: 2F 0-1: Ball 1-1: Ball 2-1: Ball 3-1: Base on Balls
|
|
Batting: LHB Andres Romero
|
0-0: Swinging Strike 0-1: Swinging Strike 0-2: Fly out, F8 (Line Drive, 8RM, EV 104.4 MPH)
|
|
Batting: RHB Steven Patterson
|
0-0: Ball 1-0: SINGLE (Groundball, 6MD, EV 103.1 MPH) Kevin Harvey to second
|
|
Batting: LHB Darren Daulton
|
0-0: Ball 1-0: Ball 2-0: Ball 3-0: Called Strike 3-1: Called Strike 3-2: Fly out, F7 (Flyball, 78M, EV 88.8 MPH)
|
|
Batting: LHB Dave Yobs
|
0-0: Called Strike 0-1: Ball 1-1: Fly out, F9 (Flyball, 89D, EV 84.4 MPH)
|
| Top of the 3rd over - 0 runs, 1 hit, 0 errors, 2 left on base; Albuquerque 0 - Arkansas 3 |
| BOTTOM OF THE 3RD |
|
Arkansas Travelers batting - Pitching for Albuquerque Dukes : RHP Peter Chapin
|
|
Batting: SHB Bobby Bonilla
|
0-0: Ball 1-0: Ball 2-0: Called Strike 2-1: Ball 3-1: Called Strike 3-2: Fly out, F8 (Flyball, 8LXD, EV 91.9 MPH)
|
|
Batting: LHB Terry Byrum
|
0-0: Foul Ball, location: 2F 0-1: Foul Ball, location: 2F 0-2: Strikes out swinging
|
|
Batting: LHB Jesus Marinez
|
0-0: Ball 1-0: Ball 2-0: DOUBLE (Line Drive, 89M, EV 106.3 MPH)
|
|
Batting: RHB Rex Hudler
|
0-0: Ball 1-0: Foul Ball, location: 2F 1-1: Called Strike 1-2: SINGLE (Groundball, 56, EV 96.3 MPH) (infield hit) Jesus Marinez to third
|
|
Batting: RHB Alex Duarte
|
0-0: Called Strike Rex Hudler steals 2nd base 0-1: Swinging Strike 0-2: Ball 1-2: Foul Ball, location: 2F 1-2: Foul Ball, location: 2F 1-2: Strikes out swinging
|
| Bottom of the 3rd over - 0 runs, 2 hits, 0 errors, 2 left on base; Albuquerque 0 - Arkansas 3 |
| TOP OF THE 4TH |
|
Albuquerque Dukes batting - Pitching for Arkansas Travelers : RHP Vicente Jaurequi
|
|
Batting: RHB Jeffrey Ronk
|
0-0: Foul Ball, location: 2F 0-1: Called Strike 0-2: Foul Ball, location: 2F 0-2: Strikes out swinging
|
|
Batting: RHB George Foussianes
|
0-0: Called Strike 0-1: Fly out, F8 (Flyball, 8RXD, EV 85.6 MPH)
|
|
Batting: LHB Matthew Henderson
|
0-0: Ball 1-0: Ball 2-0: Fly out, F8 (Line Drive, 8RM, EV 91.9 MPH)
|
| Top of the 4th over - 0 runs, 0 hits, 0 errors, 0 left on base; Albuquerque 0 - Arkansas 3 |
| BOTTOM OF THE 4TH |
|
Arkansas Travelers batting - Pitching for Albuquerque Dukes : RHP Peter Chapin
|
|
Batting: RHB Greg Gagne
|
0-0: Ball 1-0: Fly out, F8 (Flyball, 8LD, EV 109.4 MPH)
|
|
Batting: RHB Kenneth Foster
|
0-0: Fly out, F8 (Flyball, 8LXD, EV 98.8 MPH)
|
|
Batting: LHB Phil Stephenson
|
0-0: Ball 1-0: Ball 2-0: Ball 3-0: Called Strike 3-1: Foul Ball, location: 2F 3-2: Foul Ball, location: 2F 3-2: Base on Balls
|
|
Batting: RHB Randy Milligan
|
0-0: Ball 1-0: Ball 2-0: Called Strike 2-1: Ball 3-1: Called Strike 3-2: Ground out 1-3 (Groundball, 13S, EV 65.0 MPH)
|
| Bottom of the 4th over - 0 runs, 0 hits, 0 errors, 1 left on base; Albuquerque 0 - Arkansas 3 |
| TOP OF THE 5TH |
|
Albuquerque Dukes batting - Pitching for Arkansas Travelers : RHP Vicente Jaurequi
|
|
Batting: RHB James Oros
|
0-0: Ball 1-0: Ball 2-0: Ball 3-0: Called Strike 3-1: Base on Balls
|
|
Batting: RHB Kevin Harvey
|
0-0: Ball 1-0: Ball 2-0: Sac Bunt to 2R - play at first, batter OUT! 2-4 James Oros to second
|
|
Batting: LHB Andres Romero
|
0-0: Ball 1-0: Foul Ball, location: 2F 1-1: Foul Ball, location: 2F 1-2: Foul Ball, location: 2F 1-2: Ball 2-2: SINGLE (Flyball, 7LS, EV 85.6 MPH) James Oros to third Runner from 3rd tries for Home, SAFE, throw by LF to home
|
|
Batting: RHB Steven Patterson
|
0-0: TRIPLE (Flyball, 89XD, EV 90.0 MPH) Andres Romero scores
|
|
Batting: LHB Darren Daulton
|
0-0: Ball 1-0: Ball 2-0: Called Strike 2-1: Ball 3-1: Foul Ball, location: 2F 3-2: Foul Ball, location: 2F 3-2: Base on Balls
|
|
Batting: LHB Dave Yobs
|
0-0: Fly out, F8 (Flyball, 78D, EV 81.3 MPH) Runner from 3rd tags up, SCORES, no throw by CF
|
|
Batting: RHB Jeffrey Ronk
|
0-0: Foul Ball, location: 2F 0-1: Ball 1-1: Ball 2-1: Ball 3-1: Swinging Strike 3-2: Base on Balls Darren Daulton to second
|
|
Batting: RHB George Foussianes
|
0-0: Called Strike 0-1: Ball 1-1: Foul Ball, location: 2F 1-2: Ball 2-2: Ball 3-2: Fly out, F9 (Flyball, 9, EV 95.6 MPH)
|
| Top of the 5th over - 3 runs, 2 hits, 0 errors, 2 left on base; Albuquerque 3 - Arkansas 3 |
| BOTTOM OF THE 5TH |
|
Arkansas Travelers batting - Pitching for Albuquerque Dukes : RHP Peter Chapin
|
|
Batting: SHB Bobby Bonilla
|
0-0: Ball 1-0: Swinging Strike 1-1: Ball 2-1: Ball 3-1: Foul Ball, location: 2F 3-2: Foul Ball, location: 2F 3-2: Foul Ball, location: 2F 3-2: Foul Ball, location: 2F 3-2: Foul Ball, location: 2F 3-2: Foul Ball, location: 2F 3-2: Base on Balls
|
|
Batting: LHB Terry Byrum
|
0-0: SINGLE (Groundball, 3D, EV 106.3 MPH) Bobby Bonilla to second Runner from 2nd tries for 3rd, SAFE, no throw by RF
|
|
Batting: LHB Jesus Marinez
|
0-0: Ball 1-0: Swinging Strike 1-1: Swinging Strike 1-2: Foul Ball, location: 2F 1-2: SINGLE (Line Drive, 8RM, EV 98.1 MPH) Bobby Bonilla scores Terry Byrum to second
|
|
Batting: RHB Rex Hudler
|
0-0: Bunt missed! 0-1: Sac Bunt to 15S - play at first, batter OUT! 1-4 Terry Byrum to third Jesus Marinez to second
|
|
Batting: RHB Alex Duarte
|
0-0: Ball 1-0: SINGLE (Line Drive, 9S, EV 91.9 MPH) Terry Byrum scores Jesus Marinez to third
|
|
Batting: RHB Greg Gagne
|
0-0: Ball 1-0: Called Strike 1-1: Ball 2-1: Fielders Choice at 2nd, 4-6 (Groundball, 34, EV 103.8 MPH) Jesus Marinez scores
|
|
Batting: RHB Kenneth Foster
|
0-0: Swinging Strike 0-1: Fly out, F6 (Line Drive, 6, EV 74.4 MPH)
|
| Bottom of the 5th over - 3 runs, 3 hits, 0 errors, 1 left on base; Albuquerque 3 - Arkansas 6 |
| TOP OF THE 6TH |
|
Albuquerque Dukes batting - Pitching for Arkansas Travelers : RHP Vicente Jaurequi
|
|
Batting: LHB Matthew Henderson
|
0-0: Ball 1-0: Foul Ball, location: 2F 1-1: Foul Ball, location: 2F 1-2: Foul Ball, location: 2F 1-2: Ground out 6-3 (Groundball, 4M, EV 85.0 MPH)
|
|
Pitching: RHP Vittore Fachinetti
|
|
|
Batting: RHB James Oros
|
0-0: Called Strike 0-1: Ball 1-1: Ball 2-1: SOLO HOME RUN (Flyball, 78XD, EV 95.6 MPH), Distance : 404 ft
|
|
Batting: RHB Kevin Harvey
|
0-0: Ball 1-0: Called Strike 1-1: Ball 2-1: Ball 3-1: SINGLE (Groundball, 34S, EV 66.9 MPH) (infield hit)
|
|
Batting: LHB Andres Romero
|
0-0: Called Strike 0-1: Foul Ball, location: 2F 0-2: Ball 1-2: Fly out, F8 (Flyball, 8LM, EV 75.0 MPH)
|
|
Batting: RHB Steven Patterson
|
0-0: Called Strike 0-1: Ball Kevin Harvey steals 2nd base 1-1: Foul Ball, location: 2F 1-2: Foul Ball, location: 2F 1-2: Ball 2-2: Ball 3-2: Strikes out swinging
|
| Top of the 6th over - 1 run, 2 hits, 0 errors, 1 left on base; Albuquerque 4 - Arkansas 6 |
| BOTTOM OF THE 6TH |
|
Arkansas Travelers batting - Pitching for Albuquerque Dukes : RHP Peter Chapin
|
|
Pitching: LHP Ed Pruitt
|
|
|
Batting: LHB Phil Stephenson
|
0-0: Ball 1-0: Swinging Strike 1-1: Foul Ball, location: 2F 1-2: Strikes out looking
|
|
Batting: RHB Randy Milligan
|
0-0: Foul Ball, location: 2F 0-1: Ball 1-1: Foul Ball, location: 2F 1-2: Strikes out swinging
|
|
Batting: SHB Bobby Bonilla
|
0-0: Foul Ball, location: 2F 0-1: Ball 1-1: SINGLE (Line Drive, 78M, EV 93.8 MPH)
|
|
Batting: LHB Terry Byrum
|
0-0: Ball 1-0: Swinging Strike 1-1: Swinging Strike 1-2: Ball 2-2: Strikes out swinging
|
| Bottom of the 6th over - 0 runs, 1 hit, 0 errors, 1 left on base; Albuquerque 4 - Arkansas 6 |
| TOP OF THE 7TH |
|
Albuquerque Dukes batting - Pitching for Arkansas Travelers : RHP Vittore Fachinetti
|
|
Batting: LHB Darren Daulton
|
0-0: Ball 1-0: Ball 2-0: Called Strike 2-1: Ball 3-1: Foul Ball, location: 2F 3-2: Base on Balls
|
|
Batting: LHB Dave Yobs
|
0-0: Ball 1-0: Called Strike Darren Daulton steals 2nd base 1-1: SINGLE (Line Drive, 89M, EV 102.5 MPH) Darren Daulton to third
|
|
Batting: RHB Jeffrey Ronk
|
0-0: Called Strike 0-1: Ball 1-1: Ball 2-1: Fly out, F3 (Popup, 3F, EV 60.0 MPH)
|
|
Batting: RHB George Foussianes
|
0-0: Called Strike 0-1: Ball 1-1: Ball 2-1: Ball 3-1: Called Strike 3-2: Fly out, F9 (Flyball, 9, EV 89.4 MPH)
|
|
Batting: LHB Matthew Henderson
|
0-0: Ball 1-0: Swinging Strike 1-1: Foul Ball, location: 2F 1-2: Ball 2-2: Foul Ball, location: 2F 2-2: Foul Ball, location: 2F 2-2: Foul Ball, location: 2F 2-2: Strikes out swinging
|
| Top of the 7th over - 0 runs, 1 hit, 0 errors, 2 left on base; Albuquerque 4 - Arkansas 6 |
| BOTTOM OF THE 7TH |
|
Arkansas Travelers batting - Pitching for Albuquerque Dukes : LHP Ed Pruitt
|
|
Batting: LHB Jesus Marinez
|
0-0: Called Strike 0-1: Called Strike 0-2: Strikes out looking
|
|
Batting: RHB Rex Hudler
|
0-0: Called Strike 0-1: Called Strike 0-2: Ball 1-2: Ball 2-2: Ground out 6-3 (Groundball, 6S, EV 63.1 MPH)
|
|
Batting: RHB Alex Duarte
|
0-0: Ball 1-0: Ball 2-0: Ball 3-0: Called Strike 3-1: Swinging Strike 3-2: Strikes out swinging
|
| Bottom of the 7th over - 0 runs, 0 hits, 0 errors, 0 left on base; Albuquerque 4 - Arkansas 6 |
| TOP OF THE 8TH |
|
Albuquerque Dukes batting - Pitching for Arkansas Travelers : RHP Vittore Fachinetti
|
|
Batting: RHB James Oros
|
0-0: Foul Ball, location: 2F 0-1: Swinging Strike 0-2: Foul Ball, location: 2F 0-2: Foul Ball, location: 2F 0-2: Foul Ball, location: 2F 0-2: Ball 1-2: Ball 2-2: Ball 3-2: Foul Ball, location: 2F 3-2: Ground out U3 (Groundball, 3S, EV 68.1 MPH)
|
|
Batting: RHB Kevin Harvey
|
0-0: Swinging Strike 0-1: Ball 1-1: Fly out, F3 (Line Drive, 3, EV 71.9 MPH)
|
|
Pitching: RHP Randy Wiens
|
|
|
Batting: LHB Andres Romero
|
0-0: Ground out 4-3 (Groundball, 4, EV 110.6 MPH)
|
| Top of the 8th over - 0 runs, 0 hits, 0 errors, 0 left on base; Albuquerque 4 - Arkansas 6 |
| BOTTOM OF THE 8TH |
|
Arkansas Travelers batting - Pitching for Albuquerque Dukes : LHP Ed Pruitt
|
|
Pitching: RHP Craig McMurtry
|
|
|
Batting: RHB Greg Gagne
|
0-0: Ground out 6-3 (Groundball, 6MS, EV 77.5 MPH)
|
|
Batting: RHB Kenneth Foster
|
0-0: Ball 1-0: Ball 2-0: Swinging Strike 2-1: Ground out 5-3 (Groundball, 5L, EV 101.3 MPH)
|
|
Batting: LHB Phil Stephenson
|
0-0: Fly out, F5 (Popup, 56, EV 56.3 MPH)
|
| Bottom of the 8th over - 0 runs, 0 hits, 0 errors, 0 left on base; Albuquerque 4 - Arkansas 6 |
| TOP OF THE 9TH |
|
Albuquerque Dukes batting - Pitching for Arkansas Travelers : RHP Randy Wiens
|
|
Pitching: LHP Claude Brodeur
|
|
|
Batting: RHB Steven Patterson
|
0-0: Called Strike 0-1: Ball 1-1: Swinging Strike 1-2: Foul Ball, location: 2F 1-2: Foul Ball, location: 2F 1-2: Foul Ball, location: 2F 1-2: Ball 2-2: Foul Ball, location: 2F 2-2: Foul Ball, location: 2F 2-2: Ball 3-2: Base on Balls
|
|
Batting: LHB Darren Daulton
|
0-0: Ball 1-0: Ball 2-0: Called Strike 2-1: Ball 3-1: Foul Ball, location: 2F 3-2: Foul Ball, location: 2F 3-2: Fielders Choice at 2nd, 5-4 (Groundball, 56, EV 85.6 MPH)
|
|
Pinch Hitting: RHB John Hanley
|
0-0: Called Strike 0-1: Ball 1-1: Ball 2-1: Swinging Strike 2-2: Strikes out swinging
|
|
Batting: RHB Jeffrey Ronk
|
0-0: Ball 1-0: Foul Ball, location: 2F 1-1: Swinging Strike 1-2: Fly out, F8 (Line Drive, 8RM, EV 97.5 MPH)
|
| Top of the 9th over - 0 runs, 0 hits, 0 errors, 1 left on base; Albuquerque 4 - Arkansas 6 |
|